 Dungeon Crawl Stone Soup version 0.29.1-13-g9f3cf754e1 (webtiles) character file.

Game seed: 11542817518543627618

3814 leafyfresh the Zephyrmancer (level 10, -3/56 (59) HPs)
             Began as a Tengu Air Elementalist on Feb 1, 2023.
             Was a Follower of Vehumet.
             Slain by a wight
             ... wielding a +5 halberd of freezing
              (14 damage)
             ... on level 9 of the Dungeon.
             The game lasted 00:15:02 (9149 turns).

leafyfresh the Zephyrmancer (TeAE)                  Turns: 9149, Time: 00:15:03

HP:   -3/56 (59)    AC: 10    Str: 21    XL:     10   Next: 17%
MP:   14/17         EV: 18    Int: 24    God:    Vehumet [*.....]
Gold: 381           SH:  0    Dex: 16    Spells: 6/17 levels left

rFire   + . .      SeeInvis .   w - +5 falchion of Icvizxor {protect, Will+ Int+5}
rCold   . . .      Faith    .   (no shield)
rNeg    + . .      Spirit   .   v - +5 robe of the Demon Prince {Drain rF+ Regen+ Str+7}
rPois   .          Reflect  .   d - +1 hat
rElec   .          Harm     .   p - +0 cloak
rCorr   .          Rampage  .   E - +0 pair of gloves
Will    +....                   (boots unavailable)
Stlth   ++........              (no amulet)
HPRegen 0.98/turn               a - ring of positive energy
MPRegen 0.15/turn               A - +6 ring of strength

@: flying quickly and evasively, drained, quick
A: beak, talons 3, nimble flight
a: Renounce Religion


You were on level 9 of the Dungeon.
You worshipped Vehumet.
Vehumet was aware of your devotion.
You visited 2 branches of the dungeon, and saw 10 of its levels.

You collected 534 gold pieces.
You spent 153 gold pieces at shops.

Inventory:

Hand Weapons
 w - the +5 falchion of Icvizxor (weapon) {protect, Will+ Int+5}
   (You found it on level 4 of the Dungeon)

   It grants its wielder temporary protection when it strikes (+7 to AC).
   Int:       It affects your intelligence (+5).
   Will:      It increases your willpower.
Missiles
 C - 4 atropa-tipped darts (quivered)
Armour
 d - a +1 hat (worn)
 p - a +0 cloak (worn)
 v - the +5 robe of the Demon Prince (worn) {Drain rF+ Regen+ Str+7}
   (You bought it in a shop on level 3 of the Dungeon)

   Str:       It affects your strength (+7).
   rF:        It protects you from fire.
   Regen:     It increases your rate of health regeneration.
   Drain:     It drains your maximum health when unequipped.
 E - a +0 pair of gloves (worn)
Jewellery
 a - a ring of positive energy (left hand)
 A - a +6 ring of strength (right hand)
Wands
 n - a wand of flame (20)
 y - a wand of paralysis (7)
 B - a wand of polymorph (10)
Scrolls
 c - 2 scrolls of summoning
 f - a scroll of silence
 h - 3 scrolls of blinking
 j - a scroll of poison
 l - 3 scrolls of immolation
 m - a scroll of teleportation
 q - 3 scrolls of magic mapping
 s - 2 scrolls of enchant weapon
 t - a scroll of amnesia
Potions
 b - 2 potions of magic
 e - 7 potions of curing
 g - 2 potions of attraction {unknown}
 i - a potion of heal wounds {unknown}
 k - a potion of cancellation {unknown}
 o - a potion of degeneration {unknown}
 r - a potion of ambrosia {unknown}
 u - 2 potions of mutation {unknown}
 x - 4 potions of lignification {unknown}
 z - 3 potions of flight {unknown}


   Skills:
 + Level 5.0 Fighting
 + Level 6.0 Dodging
 - Level 2.0 Stealth
 - Level 4.0 Spellcasting
 - Level 10.8 Conjurations
 - Level 11.4 Air Magic


You had 6 spell levels left.
You knew the following spells:

 Your Spells              Type           Power      Damage    Failure   Level
a - Shock                 Conj/Air       100%       1d9       1%          1
b - Swiftness             Air            56%        N/A       1%          3
c - Static Discharge      Conj/Air       55%        3-10/arc  1%          2
d - Airstrike             Air            28%        2d(4-20)  1%          4
e - Beastly Appendage     Tmut           8%         N/A       10%         1

Your spell library contained the following spells:

 Spells                   Type           Power      Damage    Failure   Level
 Magic Dart               Conj           100%       1d8       1%          1
 Slow                     Hex            16%        N/A       10%         1
 Wereblood                Tmut           4%         N/A       14%         2
 Spider Form              Tmut/Pois      4%         N/A       28%         3
 Cause Fear               Hex            2%         N/A       67%         4
 Leda's Liquefaction      Hex/Erth       2%         N/A       67%         4
 Alistair's Intoxication  Tmut/Pois      2%         N/A       95%         5
 Eringya's Noxious Bog    Tmut/Pois      2%         N/A       100%        6


Dungeon Overview and Level Annotations

Branches:
Dungeon (9/15)             Temple (1/1) D:5            Lair (0/5) D:9
    Orc: D:9-12

Altars:
Cheibriados
Dithmenos
Fedhas
Gozag
Kikubaaqudgha
Makhleb
Nemelex Xobeh
Okawaru
Sif Muna
Uskayaw
Vehumet
Wu Jian
Xom
Yredelemnul
The Shining One

Shops:
D:1 [   D:3 [   D:4 *   D:5 [


Innate Abilities, Weirdness & Mutations

You have a beak for a mouth.
You have claws for feet.
Your magical nature lets you fly swiftly and evasively.


Message History

Found a dagger.
A wight is nearby!
A wight is nearby!
Casting: Static Discharge (safe; 1% risk of failure)
Confirm with . or Enter, or press ? or * to list all spells.
Aiming: Shock (safe; 1% risk of failure)
Press: ? - help, Shift-Dir - straight line, f - wight
Aim: a wight, wielding a +5 halberd of freezing and wearing a +0 robe (dormant, 100% to hit)
The zap hits the wight.
The wight is lightly damaged.
Casting: Shock (safe; 1% risk of failure)
Confirm with . or Enter, or press ? or * to list all spells.
Aiming: Shock (safe; 1% risk of failure)
Press: ? - help, Shift-Dir - straight line, f/p - wight
Aim: a wight, wielding a +5 halberd of freezing and wearing a +0 robe (lightly damaged, 74% to hit)
The zap hits the wight.
The wight is heavily damaged.
The wight hits you from afar with a +5 halberd of freezing!
You partially resist.
You feel drained. The wight freezes you!
Casting: Shock (safe; 1% risk of failure)
Confirm with . or Enter, or press ? or * to list all spells.
Aiming: Shock (safe; 1% risk of failure)
Press: ? - help, Shift-Dir - straight line, f/p - wight
Aim: a wight, wielding a +5 halberd of freezing and wearing a +0 robe (heavily damaged, 74% to hit)
The zap misses the wight.
The wight hits you from afar with a +5 halberd of freezing!
You partially resist.
You feel drained. The wight freezes you.
You are too injured to fight recklessly!
You are too injured to fight recklessly!
You are too injured to fight recklessly!
You are too injured to fight recklessly!
You are too injured to fight recklessly!
The wight hits you with a +5 halberd of freezing!
* * * LOW HITPOINT WARNING * * *
The wight freezes you.
* * * LOW HITPOINT WARNING * * *
You closely miss the wight. You claw the wight. Your peck misses the wight.
The wight is severely damaged.
The wight hits you with a +5 halberd of freezing!
You die...

##.## #...............
#.# #.####.........# #.#
#)# ##.######## #.#
##)## #.# #.###.).####.#
#...).)......#
######.###...######
.......##.###.##########
.<###.....# #...@z..)..#
### ##+#### #.########.#
###


You could see a wight.

Vanquished Creatures
  A two-headed ogre (D:8)
  Maggie (D:7)
  A komodo dragon (D:7)
  Sigmund (D:4)
  A wyvern (D:8)
  A water moccasin (D:6)
  The ghost of soursprite the Shield-Bearer, an amateur TrFi (D:4)
  2 orc warriors
  A sky beast (D:6)
  A black bear (D:5)
  An ogre (D:4)
  A centaur (D:6)
  2 phantoms (D:5)
  2 bullfrogs
  A scorpion (D:5)
  7 wights
  5 killer bees (D:8)
  A crimson imp (D:5)
  6 hounds
  2 jellies
  3 orc priests
  Crazy Yiuf (D:2)
  Jessica (D:3)
  An iguana (D:4)
  5 orc wizards
  9 adders
  A shadow imp (D:7)
  A white imp (D:5)
  2 ufetubi (D:5)
  2 worms
  4 dart slugs
  16 orcs
  7 endoplasms
  5 giant cockroaches
  13 goblins
  10 hobgoblins
  3 jackals (D:3)
  2 quokkas
  9 ball pythons
  3 bats
  3 frilled lizards
  7 kobolds
  4 rats
151 creatures vanquished.

Notes
Turn   | Place    | Note
-------+----------+-------------------------------------------
     0 | D:1      | leafyfresh the Tengu Air Elementalist began the quest for
                  | the Orb.
     0 | D:1      | Reached XP level 1. HP: 10/10 MP: 4/4
   487 | D:1      | Reached XP level 2. HP: 15/15 MP: 6/6
   530 | D:1      | Found a faded altar of an unknown god.
   798 | D:1      | Found Eschys's Armour Emporium.
  1016 | D:1      | Reached XP level 3. HP: 13/19 MP: 7/7
  2352 | D:2      | Learned a level 3 spell: Swiftness
  2355 | D:2      | Learned a level 2 spell: Static Discharge
  2417 | D:2      | Reached XP level 4. HP: 9/24 MP: 3/9
  2780 | D:2      | Reached skill level 5 in Air Magic
  3448 | D:2      | Found a runed translucent door.
  3449 | D:2      | Noticed Crazy Yiuf
  3546 | D:2      | Killed Crazy Yiuf
  3769 | D:3      | Gained mutation: Your magical nature lets you fly swiftly
                  | and evasively. [Tengu growth]
  3769 | D:3      | Reached XP level 5. HP: 10/28 MP: 3/10
  4055 | D:3      | Noticed Jessica
  4059 | D:3      | Killed Jessica
  4393 | D:3      | Found Vehazioz's Antique Armour Emporium.
  4401 | D:3      | Bought a steaming robe for 153 gold pieces
  4401 | D:3      | Identified the +5 robe of the Demon Prince {Drain rF+
                  | Regen+ Str+7} (You bought it in a shop on level 3 of the
                  | Dungeon)
  4466 | D:3      | Got Boshedd's Tome of Curses and Toxicity
  4685 | D:4      | Noticed an ogre
  4687 | D:4      | Reached XP level 6. HP: 32/32 MP: 12/12
  4785 | D:4      | Noticed Sigmund
  4787 | D:4      | Reached skill level 6 in Air Magic
  4795 | D:4      | Killed Sigmund
  4796 | D:4      | Reached skill level 5 in Conjurations
  4920 | D:4      | Found Gomeclos's Elemental Accessories.
  4951 | D:4      | Reached XP level 7. HP: 36/36 MP: 14/14
  5217 | D:4      | Reached skill level 7 in Air Magic
  5304 | D:4      | Found a large runed translucent door.
  5304 | D:4      | Found a large runed translucent door.
  5309 | D:4      | Noticed soursprite's ghost (amateur TrFi)
  5520 | D:4      | Killed soursprite's ghost
  5527 | D:4      | Identified the +5 falchion of Icvizxor {protect, Will+
                  | Int+5}
  5551 | D:5      | Entered Level 5 of the Dungeon
  5600 | D:5      | Found Asalehim's Armour Emporium.
  5649 | D:5      | Reached skill level 8 in Air Magic
  5715 | D:5      | Reached XP level 8. HP: 41/41 MP: 15/15
  5793 | D:5      | Found a burning altar of Makhleb.
  5843 | D:5      | Found a staircase to the Ecumenical Temple.
  5874 | Temple   | Entered the Ecumenical Temple
  6004 | Temple   | Became a worshipper of Vehumet
  6254 | D:5      | Reached skill level 9 in Air Magic
  6779 | D:6      | Reached skill level 10 in Air Magic
  6829 | D:6      | Found a hide-covered altar of Uskayaw.
  6895 | D:6      | Found a snail-covered altar of Cheibriados.
  7235 | D:7      | Noticed Maggie
  7245 | D:7      | Killed Maggie
  7246 | D:7      | Reached skill level 10 in Conjurations
  7246 | D:7      | Reached XP level 9. HP: 9/45 MP: 6/16
  7601 | D:7      | Reached skill level 11 in Air Magic
  7726 | D:7      | Noticed a komodo dragon
  7732 | D:7      | Killed a komodo dragon
  7888 | D:8      | Found Geulots's Book Shop.
  7899 | D:8      | Learned a level 4 spell: Airstrike
  7901 | D:8      | Learned a level 1 spell: Beastly Appendage
  7937 | D:8      | Reached skill level 1 in Fighting
  8140 | D:8      | Reached * piety under Vehumet
  8140 | D:8      | Offered knowledge of Magic Dart by Vehumet.
  8198 | D:8      | Noticed a two-headed ogre
  8219 | D:8      | Killed a two-headed ogre
  8220 | D:8      | Reached skill level 5 in Dodging
  8220 | D:8      | Reached XP level 10. HP: 47/57 MP: 11/17
  8946 | D:9      | Noticed a death yak
  8948 | D:9      | Found a staircase to the Lair.
  9062 | D:9      | Reached skill level 5 in Fighting
  9149 | D:9      | Slain by a wight

Illustrated notes

Levels and vault maps discovered:
D:1:      grunt_arrival_crossed_arrows, layout_basic,
          hellmonk_ecumenical_altar_crossroads, serial_shops,
          nicolae_square_shop
D:2:      cheibrodos_greedy_goblins, layout_basic, uniq_crazy_yiuf_cottage
D:3:      layout_loops_ring, serial_shops, shop, hangedman_decor_push,
          uniq_jessica
D:4:      layout_loops_ring, ebering_ghost_disaster_area,
          nicolae_elemental_shop, uniq_sigmund
D:5:      layout_basic, makhleb_grotto_becter, minmay_temple_entry_arrows,
          serial_shops, shop
D:6:      layout_basic, mainiacjoe_overflow_six_doors_small,
          mainiacjoe_overflow_alcove_1
D:7:      layout_cave_pods, uniq_maggie
D:8:      layout_basic, serial_shops, shop_fountains
D:9:      layout_loops_ring, elyvilon_altar_4, amethyst_overflow_temple_binary,
          dpeg_lair_monsters, uniq_erica
Temple:   chequers_temple_sunken

Skill      XL: |  1  2  3  4  5  6  7  8  9 10 |
---------------+-------------------------------+-----
Conjurations   | 2 3 4 5 7 10 | 10.8
Air Magic      | 5 6 8 10 11 | 11.4
Spellcasting   | 3 4 |  4.0
Fighting       | 4 5 |  5.0
Dodging        | 5 6 |  6.0
Stealth        | |  2.0

Action                   |  1- 3 |  4- 6 |  7- 9 | 10-12 || total
-------------------------+-------+-------+-------+-------++-------
Melee: Dagger            |    59 |    18 |       |       ||    77
       Kick              |     7 |    15 |    52 |     3 ||    77
       Unarmed           |     1 |       |       |       ||     1
       Peck              |     6 |    13 |    27 |     3 ||    49
       Punch             |     2 |       |     1 |       ||     3
       Quarterstaff      |       |    46 |    28 |       ||    74
       Falchion          |       |       |   147 |     7 ||   154
       Headbutt          |       |       |     1 |       ||     1
 Cast: Shock             |    12 |    12 |     9 |    12 ||    45
       Static Discharge  |     1 |    14 |    14 |     5 ||    34
       Swiftness         |       |     1 |     1 |       ||     2
       Beastly Appendage |       |       |     1 |       ||     1
  Use: Scroll            |       |     6 |     4 |     1 ||    11
       Potion            |       |       |     1 |       ||     1
 Stab: Sleeping          |    10 |     4 |     2 |       ||    16
       Distracted        |       |     1 |     1 |       ||     2
Armor: Robe              |    11 |    13 |    91 |     2 ||   117
Dodge: Dodged            |    29 |    44 |   166 |     5 ||   244
